 Dungeon Crawl Stone Soup version 0.26-a0-1184-g95e395e029 (webtiles) character file.

Game seed: 8228411570835810107

129 uibert the Firebug (level 4, -3/30 HPs)
             Began as a Demonspawn Fire Elementalist on Dec 27, 2020.
             Hit by a boomerang thrown by an orc (4 damage)
             ... on level 3 of the Dungeon.
             The game lasted 00:06:34 (2307 turns).

uibert the Firebug (Demonspawn Fire Elementalist)   Turns: 2307, Time: 00:06:34

Health: -3/30      AC:  6    Str: 10    XL:     4   Next: 88%
Magic:  3/7        EV: 12    Int: 16    God:
Gold:   117        SH:  0    Dex: 13    Spells: 6/7 levels left

rFire    . . .     SeeInvis .   g - +2 dagger (venom)
rCold    . . .     Faith    .   (no shield)
rNeg     . . .     Spirit   .   a - +0 robe
rPois    +         Reflect  .   (no helmet)
rElec    .         Harm     .   (no cloak)
rCorr    .         Rampage  .   (no gloves)
Will     .....                  (no boots)
Stlth    ++........             (no amulet)
HPRegen  0.10/turn              (no ring)
MPRegen  0.10/turn              (no ring)

@: no status effects
A: slimy green scales 3
a: no special abilities


You were on level 3 of the Dungeon.
You visited 1 branch of the dungeon, and saw 3 of its levels.

You collected 117 gold pieces.

Inventory:

Hand Weapons
 g - a +2 dagger of venom (weapon)
Armour
 a - a +0 robe (worn)
Potions
 d - 2 potions of magic {unknown}
 f - a potion of flight
 h - 2 potions of brilliance {unknown}
 j - a potion of haste {unknown}


   Skills:
 - Level 1.7 Dodging
 - Level 1.7 Stealth
 - Level 2.0 Spellcasting
 - Level 1.0 Conjurations
 + Level 5.1 Fire Magic


You had 6 spell levels left.
You knew the following spells:

 Your Spells              Type           Power        Failure   Level
a - Foxfire               Conj/Fire      44%          6%          1

Your spell library contained the following spells:

 Spells                   Type           Power        Failure   Level
 Conjure Flame            Conj/Fire      11%          17%         3
 Inner Flame              Hex/Fire       9%           22%         3
 Sticky Flame             Conj/Fire      11%          50%         4
 Fireball                 Conj/Fire      5%           85%         5


Dungeon Overview and Level Annotations

Branches:
Dungeon (3/15)

Altars:


Innate Abilities, Weirdness & Mutations

You are completely covered in slimy green scales. (AC +4, rPois)


Message History

The orc priest calls down the wrath of Beogh upon you.
Pain shoots through your body!
Casting: Foxfire (safe; 6% risk of failure)
Confirm with . or Enter, or press ? or * to list all spells.
You conjure some foxfire!
The orc throws a boomerang.
The boomerang closely misses you.
The weapon returns to the orc!
The foxfire hits the orc priest.
The orc priest is moderately wounded.
The foxfire hits the orc priest but does no damage.
The orc priest is moderately wounded.
The orc priest mumbles some strange prayers to Beogh against you.
Beogh smites you!
* * * LOW HITPOINT WARNING * * *
You hear a shout!
The orc priest invokes the aid of Beogh against you.
Beogh smites you!
* * * LOW HITPOINT WARNING * * *
Unknown command.
The orc throws a boomerang.
The boomerang hits you.
You die...

#....#......=....
...#...........#
#....oo.......# .
.....o........# #####
##...........#. ###....
#.........#...# ......
.####.....#####....
#.... ..........# .....#
.... ...#####.@###..#.
.. ####. ######......##.
#. #.... ............##.
#.##.##.
.######.###..#.##.)#....
#..# #....##...###
#######..# ###.....#.# #
.........# #...).....# #
)#####.).###.#....[..###
#...................##


You could see an orc priest and 2 orcs.

Vanquished Creatures
  Terence (D:3)
  2 gnolls (D:2)
  2 adders
  2 worms (D:2)
  A dart slug (D:1)
  A leopard gecko (D:2)
  An orc (D:3)
  3 giant cockroaches
  9 hobgoblins
  5 jackals
  A ball python (D:3)
  5 bats
  6 frilled lizards
  6 goblins
  6 kobolds
  3 rats
54 creatures vanquished.

Vanquished Creatures (others)
  140 foxfires
140 creatures vanquished.

Grand Total: 194 creatures vanquished

Notes
Turn   | Place    | Note
-------+----------+-------------------------------------------
     0 | D:1      | uibert the Demonspawn Fire Elementalist began the quest for
                  | the Orb.
     0 | D:1      | Reached XP level 1. HP: 13/13 MP: 3/3
   167 | D:1      | Reached skill level 3 in Fire Magic
   341 | D:1      | Gained mutation: You are partially covered in slimy green
                  | scales. (AC +2) [demonic ancestry]
   341 | D:1      | Reached XP level 2. HP: 19/19 MP: 3/5
  1153 | D:2      | Gained mutation: You are mostly covered in slimy green
                  | scales. (AC +3) [demonic ancestry]
  1153 | D:2      | Reached XP level 3. HP: 24/24 MP: 2/6
  1334 | D:2      | Reached skill level 4 in Fire Magic
  1797 | D:2      | Gained mutation: You are completely covered in slimy green
                  | scales. (AC +4, rPois) [demonic ancestry]
  1797 | D:2      | Reached XP level 4. HP: 30/30 MP: 1/7
  2142 | D:3      | Noticed Terence
  2161 | D:3      | Killed Terence
  2162 | D:3      | Reached skill level 5 in Fire Magic
  2306 | D:3      | HP: 1/30 [orc priest/divine providence (8)]
  2307 | D:3      | Hit by a boomerang thrown by an orc

Illustrated notes

Levels and vault maps discovered:
D:1:      onia_arrival_mini_spirals, layout_basic, minmay_cupped
D:2:      layout_basic
D:3:      layout_rooms, hangedman_decor_push, uniq_terence, uniq_purgy

Skill      XL: |  1  2  3  4 |
---------------+-------------+-----
Fire Magic     | 3 4 5 |  5.1
Dodging        | |  1.7
Stealth        | |  1.7
Spellcasting   | |  2.0
Conjurations   | |  1.0

Action                   |  1- 3 |  4- 6 || total
-------------------------+-------+-------++-------
Melee: Dagger            |    25 |    24 ||    49
       Whip              |     1 |       ||     1
 Cast: Foxfire           |    68 |    27 ||    95
  Use: Scroll            |     2 |     1 ||     3
Armor: Robe              |     6 |    16 ||    22
Dodge: Dodged            |    20 |    18 ||    38

Table legend: (Time is in decaauts)
 A = Elapsed time spent in this place.
 B = Non-inter-level travel time spent in this place.
 C = Inter-level travel time spent in this place.
 D = Time resting spent in this place.
 E = Time spent auto-exploring this place.
 F = Levels seen in this place.
 G = Mean time per level.
                   A        B        C        D        E       F      G
               +--------+--------+--------+--------+--------+-----+--------+
         Total |   2306 |   2168 |    138 |    245 |   1404 |   3 |  768.7 |
       Dungeon |   2306 |   2168 |    138 |    245 |   1404 |   3 |  768.7 |
               +--------+--------+--------+--------+--------+-----+--------+

Top non-repeatable levels by time:
     D:1: 1175 daAuts
     D:2: 889 daAuts
     D:3: 241 daAuts
